 Dungeon Crawl Stone Soup version 0.24-a0-132-ge4b1dce (webtiles) character file.

Game seed: 4821142809445077308

6537 JimmahDean the Basher (level 11, -3/86 HPs)
             Began as a Hill Orc Abyssal Knight on Feb 28, 2019.
             Was an Elder of Lugonu.
             Slain by a warg (8 damage)
             ... on level 8 of the Dungeon.
             The game lasted 00:38:02 (10868 turns).

JimmahDean the Basher (Hill Orc Abyssal Knight)    Turns: 10868, Time: 00:38:02

Health: -3/86      AC: 14    Str: 19    XL:     11   Next: 1%
Magic:  17/17      EV:  7    Int: 12    God:    Lugonu [****..]
Gold:   379        SH:  0    Dex: 10    Spells: 10/10 levels left

rFire    + . .     SeeInvis .   a - +2 flail (venom)
rCold    + . .     Gourm    .   (no shield)
rNeg     . . .     Faith    .   u - +0 chain mail {rF+}
rPois    +         Spirit   .   f - +0 helmet
rElec    .         Reflect  .   b - +0 cloak
rCorr    .         Harm     .   (no gloves)
MR       +....                  (no boots)
Stlth    ..........             (no amulet)
HPRegen  0.24/turn              A - ring of protection from cold
MPRegen  0.15/turn              (no ring)

@: lightly drained
A: thin metallic scales 1, magic resistance 1, poison resistance
a: Depart the Abyss, Bend Space, Banish, Corrupt, Renounce Religion


You were on level 8 of the Dungeon.
You worshipped Lugonu.
Lugonu was greatly pleased with you.
You were hungry.

You visited 1 branch of the dungeon, and saw 8 of its levels.
You visited the Abyss 1 time.

You collected 379 gold pieces.

Inventory:

Hand Weapons
 a - a +2 flail of venom (weapon)
 K - the +10 glaive "Vonyukk" {distort, *Slow rElec Int+2}
   (You took it off a centaur on level 7 of the Dungeon)

   It warps and distorts space around it.
   Unwielding it can cause banishment or high damage.
   It affects your intelligence (+2).
   It insulates you from electricity.
   It may slow you when you take damage.
Armour
 b - a +0 cloak (worn)
 f - a +0 helmet (worn)
 u - a +0 chain mail of fire resistance (worn)
Jewellery
 w - an uncursed ring of protection from magic
 z - a +2 amulet of reflection
 A - a ring of protection from cold (left hand)
 L - a cursed amulet of inaccuracy {unknown}
Wands
 B - a wand of paralysis (9)
 E - a wand of acid (3)
 G - a wand of flame (5)
 I - a wand of random effects (19)
Scrolls
 h - 2 scrolls of fog {@r3}
 j - 2 scrolls of immolation {!r}
 k - 4 scrolls of remove curse {unknown}
 l - 2 scrolls of enchant armour {unknown}
 m - 2 scrolls of magic mapping
 n - 5 scrolls of teleportation {@r4}
 o - 2 scrolls of fear
 p - 2 scrolls of amnesia
 s - 2 scrolls of enchant weapon {unknown}
 y - 3 scrolls of blinking {unknown}
 H - a scroll of torment {unknown}
Potions
 d - 3 potions of haste {@q3}
 e - 2 potions of agility
 g - a potion of brilliance
 i - a potion of degeneration {unknown}
 q - 3 potions of lignification {!q}
 r - a potion of resistance
 t - 2 potions of mutation {!q}
 v - a potion of heal wounds {@q2}
 x - 4 potions of curing {unknown}
 F - 2 potions of flight {unknown}
Miscellaneous
 M - a lightning rod (4/4) {!a}
Comestibles
 c - 15 rations {@e1}


   Skills:
 - Level 5.1(4.8) Fighting
 - Level 13.2(12.9) Maces & Flails
 * Level 6.6(6.4) Polearms
 - Level 5.0(4.7) Armour
 - Level 0.7(0.5) Dodging
   Level 4.1(3.9) Shields
 - Level 8.0(7.7) Invocations


You had 10 spell levels left.
You didn't know any spells.
Your spell library contained the following spells:

 Spells                   Type           Power        Failure   Level  Hunger
 Sandblast                Erth           #.....       98%         1    ##.....
 Passwall                 Tmut/Erth      #.......     99%         2    ###....
 Static Discharge         Conj/Air       #.......     100%        3    ####...
 Stone Arrow              Conj/Erth      #.....       100%        3    ####...
 Petrify                  Tmut/Erth      #.......     100%        4    #####..
 Bolt of Magma            Conj/Fire/Erth #.........   100%        5    ######.
 Iskenderun's Battlesphe  Conj/Chrm      #.......     100%        5    ######.
 Lee's Rapid Deconstruct  Erth           #.........   100%        5    ######.
 Lightning Bolt           Conj/Air       #.........   100%        5    ######.
 Venom Bolt               Conj/Pois      #.........   100%        5    ######.
 Iron Shot                Conj/Erth      #.........   100%        6    #######
 Orb of Destruction       Conj           #.........   100%        7    #######
 Spellforged Servitor     Conj/Summ      #.........   100%        7    #######
 Ignition                 Fire           #.........   100%        8    #######
 Shatter                  Erth           #.........   100%        9    #######
 Tornado                  Air            #.........   100%        9    #######


Dungeon Overview and Level Annotations

Branches:
Dungeon (8/15)             Temple (0/1) D:4
   Lair: D:8-11

Altars:
Cheibriados
Dithmenos
Elyvilon
Fedhas
Hepliaklqana
Nemelex Xobeh
Qazlal
Ru
Trog
Uskayaw
Wu Jian

Annotations:
D:4 1 transporter
D:6 1 runed translucent door, exclusion: door, TwoGrow's ghost, novice MfMo
Abyss:1 Dowan, Menkaure


Innate Abilities, Weirdness & Mutations

You are partially covered in thin metallic scales. (AC +2)
You are resistant to hostile enchantments. (MR+)
Your system is resistant to poisons. (rPois)


Message History

* * * LOW HITPOINT WARNING * * *
You feel much better. The warg bites you!
* * * LOW HITPOINT WARNING * * *
The orc closely misses you.
You regained 15 hp, and now have 21/86 hp.
You closely miss the warg. The warg bites you!
* * * LOW HITPOINT WARNING * * *
You take 8 damage, and have 13/86 hp.
You closely miss the warg. The orc barely misses you. The warg bites you.
* * * LOW HITPOINT WARNING * * *
You take 1 damage, and have 12/86 hp.
You barely miss the warg. The warg bites you but does no damage.
The orc closely misses you. MP restored: 17 The warg bites you!
* * * LOW HITPOINT WARNING * * *
You take 9 damage, and have 4/86 hp.
The orc closely misses you. The warg bites you!
You die...

..#####..........# #.#
.................# #.#
.(...............# #.#
<................# #.#
#........####..#####.##
################.............
#.^.......# #.............
#.........######'##..>##+##..
#####.....o.{ooh@.#...#...#...#..
.)†.'.....h...###...♣.##.##.♣....
#####.........# ###....#.#....#..
#.........# ##...###...##..
#.........# #....#....#...
#.........# ##.......##...
+.........# #.<.♣.<.#....
#.........# ##.......##..)
#.........######....#....#...


You could see 2 wargs, an orc warrior and 2 orcs.

Vanquished Creatures
  Pikel (D:6)
  A hornet (D:7)
  A spriggan (D:8)
  A yak (D:7)
  A vampire mosquito (D:7)
  Edmund (D:6)
  A water moccasin (D:6)
  Duvessa (D:6)
  4 orc warriors (D:8)
  2 slaves (D:6)
  2 sky beasts
  3 ice beasts
  A black bear (D:8)
  A phantom (D:7)
  2 ogres
  6 centaurs
  A big kobold (D:7)
  Blork the orc (D:3)
  A gnoll sergeant (D:7)
  2 bullfrogs
  3 scorpions (D:7)
  15 killer bees
  11 wights
  3 crimson imps
  A centaur zombie (D:7)
  4 hounds
  3 jellies
  2 orc priests (D:8)
  8 orc wizards
  2 centaur skeletons (D:8)
  An iguana (D:7)
  5 worker ants
  A hound skeleton (D:7)
  8 adders
  8 gnolls
  4 shadow imps
  An ooze (D:3)
  4 worms
  4 dart slugs
  3 leopard geckos
  25 orcs
  3 ball pythons
  5 giant cockroaches
  5 goblins
  9 hobgoblins
  5 jackals
  9 kobolds
  4 quokkas
  12 bats
  8 frilled lizards
  A giant cockroach zombie (D:5)
  A jackal zombie (D:6)
  A leopard gecko skeleton (D:4)
  2 quokka skeletons
  8 rats
223 creatures vanquished.

Vanquished Creatures (others)
  An unseen horror (D:7)
  A cyclops (shapeshifter) (D:7)
  An orc warrior (D:6)
  2 black bears (D:6)
  An orc priest (D:6)
  A mummy (D:6)
  An orc (D:6)
8 creatures vanquished.

Grand Total: 231 creatures vanquished

Notes
Turn   | Place    | Note
-------+----------+-------------------------------------------
     0 | Abyss:1  | JimmahDean the Hill Orc Abyssal Knight began the quest for
                  | the Orb.
     0 | Abyss:1  | Reached XP level 1. HP: 19/19 MP: 2/2
    11 | Abyss:1  | Found a snail-covered altar of Cheibriados.
    45 | D:1      | Escaped the Abyss
   340 | D:1      | Reached XP level 2. HP: 24/26 MP: 4/4
   551 | D:1      | Reached skill level 3 in Maces & Flails
   835 | D:1      | Reached XP level 3. HP: 31/31 MP: 5/5
  1353 | D:2      | Reached ** piety under Lugonu
  1401 | D:2      | Reached skill level 4 in Maces & Flails
  1401 | D:2      | Reached XP level 4. HP: 30/39 MP: 6/6
  1970 | D:2      | Reached XP level 5. HP: 45/45 MP: 8/8
  2440 | D:3      | Reached skill level 5 in Maces & Flails
  3058 | D:4      | Noticed Blork the orc
  3066 | D:3      | Killed Blork the orc
  3066 | D:3      | Reached XP level 6. HP: 43/51 MP: 6/9
  3122 | D:3      | Reached skill level 5 in Invocations
  3382 | D:4      | Reached skill level 6 in Maces & Flails
  3429 | D:4      | Found a transporter.
  3432 | D:4      | Found a staircase to the Ecumenical Temple.
  3483 | D:4      | Reached *** piety under Lugonu
  3484 | D:4      | Gained mutation: You are partially covered in thin metallic
                  | scales. (AC +2) [potion of mutation]
  3484 | D:4      | Gained mutation: You are resistant to hostile enchantments.
                  | (MR+) [potion of mutation]
  3484 | D:4      | Gained mutation: Your system is resistant to poisons.
                  | (rPois) [potion of mutation]
  3837 | D:4      | Found a hazy altar of Hepliaklqana.
  3857 | D:4      | Found a stormy altar of Qazlal.
  3898 | D:4      | Noticed Menkaure
  3899 | D:4      | Banished Menkaure
  3996 | D:5      | Entered Level 5 of the Dungeon
  4158 | D:5      | Reached XP level 7. HP: 26/57 MP: 11/11
  4286 | D:5      | Reached skill level 7 in Maces & Flails
  4929 | D:5      | Got a steaming scale mail
  4940 | D:5      | Identified the +6 scale mail of Entitlement {-Cast MP+9
                  | Dex+4} (You found it on level 5 of the Dungeon)
  5348 | D:5      | Found a shadowy altar of Dithmenos.
  5891 | D:6      | Reached skill level 8 in Maces & Flails
  5904 | D:6      | Reached XP level 8. HP: 46/64 MP: 13/13
  6079 | D:6      | Noticed Pikel
  6103 | D:6      | Killed Pikel
  6103 | D:6      | Reached skill level 9 in Maces & Flails
  6250 | D:6      | Found an ornate altar of the Wu Jian Council.
  6280 | D:6      | Found a bloodstained altar of Trog.
  6291 | D:6      | Noticed Duvessa
  6291 | D:6      | Noticed Dowan
  6294 | D:6      | Banished Dowan
  6302 | D:6      | Killed Duvessa
  6529 | D:6      | Found a runed translucent door.
  6529 | D:6      | Noticed TwoGrow's ghost (novice MfMo)
  6652 | D:6      | Reached skill level 10 in Maces & Flails
  6657 | D:6      | Noticed Edmund
  6670 | D:6      | Killed Edmund
  6670 | D:6      | Reached XP level 9. HP: 49/73 MP: 15/15
  6714 | D:6      | Reached skill level 5 in Fighting
  7158 | D:6      | Reached skill level 1 in Shields
  7286 | D:6      | Found a snail-covered altar of Cheibriados.
  7630 | D:6      | Reached skill level 11 in Maces & Flails
  8586 | D:7      | Found a blossoming altar of Fedhas.
  8609 | D:7      | Found a hide-covered altar of Uskayaw.
  8609 | D:7      | Found a white marble altar of Elyvilon.
  8609 | D:7      | Found a sparkling altar of Nemelex Xobeh.
  8770 | D:7      | Reached skill level 12 in Maces & Flails
  8847 | D:7      | Reached **** piety under Lugonu
  8856 | D:7      | Reached XP level 10. HP: 54/81 MP: 16/16
  9059 | D:7      | Killed an unseen horror
  9074 | D:7      | Noticed a cyclops
  9075 | D:7      | Banished a cyclops
  9251 | D:7      | Reached skill level 13 in Maces & Flails
  9529 | D:7      | Identified the +10 glaive "Vonyukk" {distort, *Slow rElec
                  | Int+2}
  9889 | D:8      | Reached skill level 5 in Armour
  9893 | D:8      | Reached skill level 1 in Polearms
 10120 | D:8      | Found a sacrificial altar of Ru.
 10562 | D:8      | Reached skill level 5 in Polearms
 10842 | D:8      | Reached XP level 11. HP: 61/86 MP: 17/17
 10865 | D:8      | HP: 4/86 [warg (9)]
 10868 | D:8      | Slain by a warg

Levels and vault maps discovered:
D:1:      dpeg_arrival_houses_and_road, layout_basic
D:2:      layout_loops_ring
D:3:      layout_basic, minmay_close_crescents
D:4:      gammafunk_cloud_chamber, layout_rooms,
          nicolae_qazlal_general_emergency, lemuel_doored_altar,
          minmay_temple_entry_drinking_statues, first_ration,
          corexii_corridor_pit, uniq_blork_the_orc, uniq_menkaure
D:5:      layout_layer_cave, basic_altar
D:6:      minmay_chambers_of_fours, layout_loops_corners, lemuel_crystal_altar,
          slow_altar_1, ebering_ghost_inner_flame, trog_ov_bears_minmay,
          uniq_edmund, uniq_pikel, uniq_duvessa
D:7:      minmay_the_grid_octo_tiled_squarecenter [minmay_the_grid_octo_teeth,
          minmay_the_grid_octo_odd_swirl, minmay_the_grid_octo_focus,
          minmay_the_grid_octo_shrine,
          minmay_the_grid_square_5x5_megaprize_open,
          minmay_the_grid_square_5x5_doubleslash,
          minmay_the_grid_square_5x5_one_wall,
          minmay_the_grid_square_5x5_three_walls,
          minmay_the_grid_square_5x5_longway], layout_basic
D:8:      layout_basic, erik_lair_orcish_takeover, the_bakery,
          chequers_serial_rivers_marsh, chequers_serial_rivers_small_3,
          grunt_ministairs_13, nicolae_ru_path_of_blood
Abyss:1
Abyss:2

Skill      XL: |  1  2  3  4  5  6  7  8  9 10 |
---------------+-------------------------------+-----
Maces & Flails | 3 4 5 6 8 10 12 13 | 13.2
Invocations    | 3 4 5 6 8 |  8.0
Fighting       | 4 5 |  5.1
Shields        | 4 |  4.1
Armour         | 5 |  5.0
Polearms       | 6 |  6.6
Dodging        | |  0.7

Action                   |  1- 3 |  4- 6 |  7- 9 | 10-12 || total
-------------------------+-------+-------+-------+-------++-------
Melee: Mace              |   145 |   236 |   150 |       ||   531
       Flail             |       |       |   264 |   235 ||   499
Invok: Bend Space        |       |     3 |       |     1 ||     4
       Banish            |       |     1 |     3 |     1 ||     5
Evoke: Wand              |       |     4 |     8 |     5 ||    17
  Use: Scroll            |       |     7 |     1 |     1 ||     9
       Potion            |       |     2 |     1 |     1 ||     4
  Eat: Chunk             |     2 |     7 |    15 |     6 ||    30
       Ration            |       |       |     1 |       ||     1
Armor: Leather armour    |    10 |       |       |       ||    10
       Scale mail        |    55 |    13 |   143 |    69 ||   280
       Chain mail        |       |   110 |    15 |    41 ||   166
Dodge: Dodged            |    84 |    72 |   149 |    85 ||   390

Table legend:
 A = Non-vault XP
 B = Vault XP
 C = Vault XP percentage of total XP
 D = Non-vault monster count
 E = Vault monster count
 F = Vault count percentage of total count
                 A         B        C        D         E       F
            +---------+---------+-------+---------+---------+-------
      Total |    5302 |    4037 |  43.2 |     187 |      39 |  17.3
            +---------+---------+-------+---------+---------+-------
        D:1 |      48 |       0 |   0.0 |      29 |       0 |   0.0
        D:2 |     117 |       0 |   0.0 |      15 |       0 |   0.0
        D:3 |     105 |     113 |  51.8 |      30 |       4 |  11.8
        D:4 |      75 |      92 |  55.1 |       6 |       1 |  14.3
        D:5 |     370 |       0 |   0.0 |       9 |       0 |   0.0
        D:6 |    1190 |    1145 |  49.0 |      34 |       9 |  20.9
        D:7 |    1437 |    2269 |  61.2 |      32 |      21 |  39.6
        D:8 |    1960 |     418 |  17.6 |      32 |       4 |  11.1
            +---------+---------+-------+---------+---------+-------
